 Dungeon Crawl Stone Soup version 0.16-a0-623-g20b2139 (webtiles) character file.

17 PolkaDot the Caller (level 2, 0/19 HPs)
             Began as a Vampire Summoner on Sept 18, 2014.
             Succumbed to a scorpion's poison
             ... on Level 1 of the Dungeon.
             The game lasted 00:02:21 (745 turns).

PolkaDot the Caller (Vampire Summoner)               Turns: 745, Time: 00:02:21

HP   0/19        AC  2     Str  7      XL: 2   Next: 44%
MP   0/4         EV 12     Int 17      God:
Gold 0           SH  0     Dex 14      Spells:  1 memorised,  4 levels left

rFire  . . .     SeeInvis +     d - +0 whip (curse)
rCold  . . .     Clarity  .     a - +0 robe
rNeg   . . .     rCorr    .     (no shield)
rPois  .         rRot     .     (no helmet)
rElec  .         Spirit   .     (no cloak)
SustAb .         Warding  .     (no gloves)
rMut   .         Stasis   .     (no boots)
Gourm  .                        (no amulet)
MR     .....                    (no ring)
                                (no ring)

@: lethally poisoned, regenerating quickly, not resistant to hostile
enchantments, unstealthy
A: fangs 3, see invisible, unbreathing
a: no special abilities


You were on level 1 of the Dungeon.
You were very full.

You visited 1 branch of the dungeon, and saw 1 of its levels.

Inventory:

Hand weapons
 d - a cursed +0 whip (weapon)
Armour
 a - a +0 robe (worn)
Scrolls
 c - 3 scrolls of teleportation {unknown}
 e - a scroll of recharging {unknown}
 f - 2 scrolls of identify {unknown}
Jewellery
 h - an uncursed ring of ice {unknown}
Potions
 g - 2 potions of curing {unknown}
 i - a potion of magic {unknown}
 j - a potion of heal wounds {unknown}
Books
 b - a book of Callings

   Spells                             Type                      Level
   *Summon Small Mammal               Summoning                    1
   Call Imp                           Summoning                    2
   Call Canine Familiar               Summoning                    3
   Summon Guardian Golem              Hexes/Summoning              4
   Summon Lightning Spire             Summoning/Air                4
   Summon Ice Beast                   Ice/Summoning                4


   Skills:
 - Level 2.1 Dodging
 - Level 3.0 Stealth
 - Level 2.0 Spellcasting
 * Level 4.7 Summonings


You had 4 spell levels left.
You knew the following spells:

 Your Spells              Type           Power        Failure   Level  Hunger
a - Summon Small Mammal   Summ           ###.         2%          1    #......


Dungeon Overview and Level Annotations

Branches:
Dungeon (1/15)

Altars:


Innate Abilities, Weirdness & Mutations

Your natural rate of healing is unusually fast.
You have razor-sharp teeth.
You have supernaturally acute eyesight.
You can survive without breathing.


Message History

Confirm with . or Enter, or press ? or * to list all spells.
Casting: Summon Small Mammal
Confirm with . or Enter, or press ? or * to list all spells.
The scorpion barely misses you.
Casting: Summon Small Mammal
Confirm with . or Enter, or press ? or * to list all spells.
* * * LOW MAGIC WARNING * * *
The scorpion stings you!
* * * LOW HITPOINT WARNING * * *
Casting: Summon Small Mammal
Confirm with . or Enter, or press ? or * to list all spells.
* * * LOW MAGIC WARNING * * *
The scorpion stings you!
Ouch! That really hurt!
* * * LOW HITPOINT WARNING * * *
You are lethally poisoned!
The scorpion poisons you!
Your quokka bites the scorpion but does no damage.
Your quokka bites the scorpion.
You die...

#.....##########..###..#))#%...#.
#.#.#..#########.## #..#...(#..#.
#...##...........# #..##..##.##.
#.#....##.#.#########...####..#..
........................)........
..#....####.####...###...........
###..........##.....#############
##'###%##...##.....#
#...#...#.#....@...#
#...#.>.#.##.#rr)..#
#...#...#.##.#.sr..#
#.<.#.>.#.##.#..r..#
#...#...#.##......##
##...#.>.#.####.#.## .#...#...#.#
#...# ###+###+##.# #..## #
#..#####


You could see a scorpion, 3 friendly quokkas and a friendly rat.

Vanquished Creatures
  2 bats (D:1)
  3 goblins (D:1)
  2 hobgoblins (D:1)
  A giant newt (D:1)
  A jackal (D:1)
  4 kobolds (D:1)
  2 rats (D:1)
15 creatures vanquished.

Vanquished Creatures (collateral kills)
  An ooze (D:1)
  A jackal (D:1)
  A kobold (D:1)
  A rat (D:1)
4 creatures vanquished.

Grand Total: 19 creatures vanquished

Notes
Turn   | Place    | Note
--------------------------------------------------------------
     0 | D:1      | PolkaDot, the Vampire Summoner, began the quest for the Orb.
     0 | D:1      | Reached XP level 1. HP: 13/13 MP: 3/3
   357 | D:1      | Reached XP level 2. HP: 19/19 MP: 4/4
   729 | D:1      | Noticed a scorpion
   745 | D:1      | Succumbed to a scorpion's poison

Action                   || total
-------------------------++-------
Melee: Whip              ||    60
       Unarmed           ||     4
 Cast: Summon Small Mamm ||    13
  Use: Potion            ||     1
 Stab: Sleeping          ||     2
  Eat: Corpse            ||     8
